 Dungeon Crawl Stone Soup version 0.22-a0-274-gf8199ec (webtiles) character file.

245 RoseArtemis the Poker (level 5, -2/47 HPs)
             Began as a Minotaur Fighter on Mar 13, 2018.
             Was an Initiate of Okawaru.
             Killed by nerve-wracking pain
             ... invoked by an orc priest
              (7 damage)
             ... on level 4 of the Dungeon.
             The game lasted 00:11:07 (2738 turns).

RoseArtemis the Poker (Minotaur Fighter)            Turns: 2738, Time: 00:11:08

Health: -2/47      AC:  7    Str: 21    XL:     5   Next: 83%
Magic:  4/4        EV:  7    Int:  6    God:    Okawaru [......]
Gold:   173        SH:  9    Dex:  9    Spells: 4/4 levels left

rFire    . . .     SeeInvis .   a - +0 trident
rCold    . . .     Gourm    .   c - +0 shield
rNeg     . . .     Faith    .   b - +0 scale mail
rPois    .         Spirit   .   (helmet restricted)
rElec    .         Reflect  .   (no cloak)
rCorr    .         Harm     .   (no gloves)
MR       .....                  (no boots)
Stlth    ..........             (no amulet)
HPRegen  0.15/turn              (no ring)
MPRegen  0.09/turn              (no ring)

@: no status effects
A: retaliatory headbutt, horns 2
a: Renounce Religion


You were on level 4 of the Dungeon.
You worshipped Okawaru.
Okawaru was noncommittal.
You were not hungry.

You visited 1 branch of the dungeon, and saw 4 of its levels.

You collected 173 gold pieces.

Inventory:

Hand Weapons
 a - a +0 trident (weapon)
Armour
 b - a +0 scale mail (worn)
 c - a +0 shield (worn)
Jewellery
 k - an uncursed ring of magical power
Wands
 v - a wand of flame (15)
Scrolls
 e - a scroll of amnesia
 g - a scroll of magic mapping {unknown}
 i - a scroll of remove curse {unknown}
 j - a scroll of teleportation {unknown}
 n - a scroll of fear {unknown}
 r - a scroll of enchant armour {unknown}
 u - a scroll of immolation {unknown}
 w - a scroll of identify
Potions
 d - 2 potions of might
 h - 2 potions of ambrosia
 l - 2 potions of invisibility
 m - a potion of cancellation
 o - 2 potions of curing {unknown}
 p - a potion of heal wounds {unknown}
 q - 3 potions of brilliance
 t - a potion of resistance {unknown}
Comestibles
 f - 7 rations
 s - 2 chunks of flesh


   Skills:
 + Level 4.8 Fighting
 * Level 5.0 Polearms
 + Level 4.9 Armour
 + Level 4.7 Shields


You had 4 spell levels left.
You didn't know any spells.

Dungeon Overview and Level Annotations

Branches:
Dungeon (4/15)
 Temple: D:4-7

Altars:
Ashenzari
Dithmenos
Elyvilon
Nemelex Xobeh
Okawaru
Yredelemnul

Annotations:
D:4 Eustachio


Innate Abilities, Weirdness & Mutations

You reflexively headbutt those who attack you in melee.
You have a pair of horns on your head.


Message History

The crimson imp blinks!
The orc wizard gestures wildly while chanting.
The orc wizard blinks!
Eustachio screams, "This atrocity can only be purified with blood!"
The ufetubus disappears in a puff of smoke!
Eustachio mumbles some strange words.
The orc priest invokes the aid of Beogh against you.
Beogh smites you!
The orc priest calls down the wrath of Beogh upon you.
Beogh smites you!
* * * LOW HITPOINT WARNING * * *
The orc wizard is no longer moving quickly.
The orc wizard casts a spell at you. The magic dart hits you!
* * * LOW HITPOINT WARNING * * *
There is an escape hatch in the ceiling here.
You can't go down here!
The orc priest invokes the aid of Beogh against you.
Pain shoots through your body!
You die...

#.#.############
##.#.# #.<#.# #.##.#
#.##># #.##.#
##.##.#
###...#.####### ####
#..@..........###...
#.#...#.##.....##.##
#.##.##.#..>....#.#
#.##.o.....o......##
#.#####o#@..........
#.# #.##.....#....
#.# #.o.o.o.@...##
#.# ######.###.###
#.##########.# #.# #


You could see an orc priest.

Vanquished Creatures
  Jessica (D:2)
  Terence (D:2)
  Natasha (D:2)
  Robin (D:2)
  6 adders
  2 oozes
  2 worms
  2 dart slugs
  2 leopard geckos
  6 orcs
  4 ball pythons
  6 giant cockroaches
  10 goblins
  7 hobgoblins
  6 jackals
  2 kobolds (D:2)
  5 quokkas
  6 bats
  3 frilled lizards
  8 rats
81 creatures vanquished.

Vanquished Creatures (others)
  2 fungi (D:2)
2 creatures vanquished.

Grand Total: 83 creatures vanquished

Notes
Turn   | Place    | Note
-------+----------+-------------------------------------------
     0 | D:1      | RoseArtemis the Minotaur Fighter began the quest for the Orb.
     0 | D:1      | Reached XP level 1. HP: 19/19 MP: 0/0
   176 | D:1      | Reached XP level 2. HP: 27/27 MP: 1/1
   568 | D:2      | Reached skill level 3 in Polearms
   604 | D:2      | Noticed Terence
   617 | D:2      | Killed Terence
   617 | D:2      | Reached XP level 3. HP: 22/33 MP: 2/2
   888 | D:2      | Noticed Jessica
   897 | D:2      | Killed Jessica
   897 | D:2      | Reached XP level 4. HP: 40/40 MP: 3/3
   933 | D:2      | Found an iron altar of Okawaru.
   933 | D:2      | Found a shadowy altar of Dithmenos.
   936 | D:2      | Became a worshipper of Warmaster Okawaru
  1008 | D:2      | Reached skill level 4 in Polearms
  1009 | D:2      | Noticed Robin
  1013 | D:2      | Noticed Natasha
  1031 | D:2      | Killed Robin
  1049 | D:2      | Killed Natasha
  1049 | D:2      | Reached XP level 5. HP: 11/47 MP: 4/4
  1478 | D:2      | Found a basalt altar of Yredelemnul.
  1696 | D:2      | Found a sparkling altar of Nemelex Xobeh.
  1880 | D:3      | Found a white marble altar of Elyvilon.
  2427 | D:3      | Found a shattered altar of Ashenzari.
  2530 | D:4      | Reached skill level 5 in Polearms
  2694 | D:4      | Noticed Eustachio
  2738 | D:4      | Killed from afar by an orc priest

Vault maps used:
D:1:      sevenhm_arrival_forest_fort_small_4
D:2:      lemuel_doored_altar, overflow_temple_1_default,
          gammafunk_temple_overflow_elements, minmay_shallow_snake_nest,
          uniq_natasha, uniq_robin, uniq_terence, uniq_jessica
D:3:      ashenzari_altar_1, nicolae_overflow_crystal_walls, first_ration
D:4:      cheibrodos_thug_alley, kennysheep_little_box, uniq_eustachio

Skill      XL: |  1  2  3  4  5 |
---------------+----------------+-----
Polearms       | 3 4 5 |  5.0
Fighting       | 4 |  4.8
Armour         | 4 |  4.9
Shields        | 4 |  4.7

Action                   |  1- 3 |  4- 6 || total
-------------------------+-------+-------++-------
Melee: Trident           |    45 |   199 ||   244
       Headbutt          |     2 |    25 ||    27
  Use: Scroll            |     1 |     7 ||     8
 Stab: Distracted        |       |     1 ||     1
  Eat: Chunk             |       |     6 ||     6
Armor: Scale mail        |    17 |    51 ||    68
Dodge: Dodged            |     9 |    31 ||    40
Block: Shield            |    13 |    53 ||    66

Table legend:
 A = Spawn XP
 B = Non-spawn XP
 C = Spawn XP percentage of total XP
 D = Spawn monster count
 E = Non-spawn monster count
 F = Spawn count percentage of total count
 G = Total turns spent on level
                    A         B        C        D         E        F      G
               +---------+---------+-------+---------+---------+-------+---------
         Total |       0 |     350 |   0.0 |       0 |      81 |   0.0 |  2738
               +---------+---------+-------+---------+---------+-------+---------
           D:1 |       0 |      19 |   0.0 |       0 |      13 |   0.0 |   831
           D:2 |       0 |     227 |   0.0 |       0 |      38 |   0.0 |   906
           D:3 |       0 |      95 |   0.0 |       0 |      26 |   0.0 |   774
           D:4 |       0 |       9 |   0.0 |       0 |       4 |   0.0 |   227
               +---------+---------+-------+---------+---------+-------+---------
